 Dungeon Crawl Stone Soup version 0.23-a0-395-gcf17ac6 (webtiles) character file.

340 JeffiDaFish the Covered (level 6, -2/38 HPs)
             Began as a Gargoyle Fighter on Nov 1, 2018.
             Slain by an ogre
             ... wielding a +0 giant club
              (15 damage)
             ... on level 5 of the Dungeon on Nov 2, 2018.
             The game lasted 00:07:02 (3111 turns).

JeffiDaFish the Covered (Gargoyle Fighter)          Turns: 3111, Time: 00:07:03

Health: -2/38      AC: 15    Str: 23 (24) XL:     6   Next: 56%
Magic:  6/6        EV:  6    Int:  9      God:
Gold:   204        SH:  9    Dex:  7 (9)  Spells: 5/5 levels left

rFire    . . .     SeeInvis .   a - +0 flail
rCold    + . .     Gourm    .   c - +0 shield
rNeg     + . .     Faith    .   q - +0 chain mail
rPois    ∞         Spirit   .   (no helmet)
rElec    +         Reflect  .   i - +0 cloak
rCorr    .         Harm     .   (no gloves)
MR       .....                  (no boots)
Stlth    ..........             n - amulet of the acrobat
HPRegen  0.12/turn              e - ring of protection from cold
MPRegen  0.10/turn              k - +3 ring of strength

@: no status effects
A: negative energy resistance 1, electricity resistance, unbreathing,
petrification resistance, rot immunity, AC +4
a: no special abilities


You were on level 5 of the Dungeon.
You were very hungry.

You visited 1 branch of the dungeon, and saw 5 of its levels.

You collected 204 gold pieces.

Inventory:

Hand Weapons
 a - a +0 flail (weapon)
Armour
 c - a +0 shield (worn)
 i - a +0 cloak (worn)
 q - a +0 chain mail (worn)
Jewellery
 e - a ring of protection from cold (left hand)
 h - an uncursed ring of resist corrosion
 k - a +3 ring of strength (right hand)
 n - an amulet of the acrobat (around neck)
Scrolls
 b - a scroll of magic mapping
 g - 2 scrolls of identify
 j - 2 scrolls of remove curse
 p - 2 scrolls of teleportation
Potions
 l - 2 potions of curing
 m - a potion of flight
Comestibles
 f - 5 rations


   Skills:
 + Level 4.3 Fighting
 * Level 4.1 Maces & Flails
 * Level 5.3 Armour
 + Level 4.3 Shields


You had 5 spell levels left.
You didn't know any spells.
Your spell library contained the following spells:

 Spells                   Type           Power        Failure   Level  Hunger
 Shock                    Conj/Air       #...         100%        1    ##.....
 Swiftness                Chrm/Air       #.......     100%        2    ###....
 Static Discharge         Conj/Air       #.......     100%        3    ####...
 Airstrike                Air            #.........   100%        4    #####..
 Lightning Bolt           Conj/Air       #.........   100%        5    ######.


Dungeon Overview and Level Annotations

Branches:
Dungeon (5/15)
 Temple: D:4-7

Altars:
Ashenzari
Cheibriados
Okawaru
Ru


Innate Abilities, Weirdness & Mutations

You are resistant to torment.
Your stone body is resilient. (AC +4)
You are immune to poison.
You resist negative energy. (rN+)
You are resistant to electric shocks. (rElec)
You can survive without breathing.
You are immune to petrification.
You are immune to rotting.


Message History

The orc wizard barely misses you. The ogre closely misses you.
The orc hits you but does no damage.
The orc wizard hits you but does no damage.
You hit the ogre.
The ogre is moderately wounded.
The orc wizard hits you but does no damage.
You block the ogre's attack. You block the orc's attack.
The orc wizard hits you but does no damage.
You hit the ogre but do no damage.
The ogre is moderately wounded.
The orc wizard barely misses you. The ogre closely misses you.
You block the orc's attack.
The orc wizard gestures wildly while chanting.
The orc wizard flickers and vanishes!
Deactivating autopickup; reactivate with Ctrl-A.
You sock the ogre!
The ogre is heavily wounded.
You block the orc wizard's attack. The orc wizard barely misses you.
The orc hits you but does no damage. The ogre hits you with a +0 giant club!
You die...

### ######.# #....o.#
#.####@# #.# ##O#
#####.# #o{# #.....#
#oo###### #...###
#.......# ####...#
#...$.o#.....
####......###.#..#.#
###
....................
####.########.#..#.#.


You could see an ogre, an orc wizard and 3 orcs.

Vanquished Creatures
  2 orc priests
  2 orc wizards (D:4)
  2 worker ants
  5 adders
  A shadow imp (D:5)
  2 oozes
  An adder skeleton (D:4)
  4 worms
  2 dart slugs
  11 orcs
  3 giant cockroaches
  9 goblins
  9 hobgoblins
  6 jackals
  12 kobolds
  A quokka (D:3)
  7 bats
  6 frilled lizards
  7 rats
92 creatures vanquished.

Notes
Turn   | Place    | Note
-------+----------+-------------------------------------------
     0 | D:1      | JeffiDaFish the Gargoyle Fighter began the quest for the
                  | Orb.
     0 | D:1      | Reached XP level 1. HP: 14/14 MP: 1/1
   281 | D:1      | Reached XP level 2. HP: 19/19 MP: 2/2
   897 | D:1      | Reached XP level 3. HP: 23/23 MP: 3/3
  1256 | D:2      | Reached skill level 4 in Armour
  1256 | D:2      | Reached XP level 4. HP: 25/29 MP: 4/4
  1541 | D:3      | Found a shattered altar of Ashenzari.
  1621 | D:3      | Reached XP level 5. HP: 24/33 MP: 5/5
  2023 | D:3      | Found a sacrificial altar of Ru.
  2481 | D:4      | Found a snail-covered altar of Cheibriados.
  2520 | D:4      | Reached skill level 5 in Armour
  2520 | D:4      | Reached XP level 6. HP: 16/38 MP: 6/6
  2882 | D:5      | Entered Level 5 of the Dungeon
  2901 | D:5      | Found an iron altar of Okawaru.
  3111 | D:5      | Slain by an ogre

Vault maps used:
D:1:      lemuel_arrival_behind_the_door_small, chequers_serial_rivers_large_b
D:3:      nicolae_overflow_crystal_walls, evilmike_ruin_ashenzari
D:4:      old_standard_altar, first_ration
D:5:      okawaru_trees_2, minivault_1, mrwooster_statue_mirror,
          grunt_ministairs_6, hangedman_decor_opposing, uniq_pikel,
          uniq_prince_ribbit1

Skill      XL: |  1  2  3  4  5  6 |
---------------+-------------------+-----
Maces & Flails | 3 4 |  4.1
Armour         | 4 5 |  5.3
Shields        | 4 |  4.3
Fighting       | 4 |  4.3

Action                   |  1- 3 |  4- 6 || total
-------------------------+-------+-------++-------
Melee: Flail             |   149 |   281 ||   430
  Use: Potion            |     3 |     4 ||     7
       Scroll            |     4 |     4 ||     8
  Eat: Chunk             |     2 |     5 ||     7
Armor: Scale mail        |   103 |   103 ||   206
       Chain mail        |       |   107 ||   107
Dodge: Dodged            |    45 |   130 ||   175
Block: Shield            |    80 |   214 ||   294

Table legend:
 A = Non-vault XP
 B = Vault XP
 C = Vault XP percentage of total XP
 D = Non-vault monster count
 E = Vault monster count
 F = Vault count percentage of total count
                 A         B        C        D         E       F
            +---------+---------+-------+---------+---------+-------
      Total |     487 |       0 |   0.0 |      92 |       0 |   0.0
            +---------+---------+-------+---------+---------+-------
        D:1 |      34 |       0 |   0.0 |      18 |       0 |   0.0
        D:2 |      92 |       0 |   0.0 |      24 |       0 |   0.0
        D:3 |     127 |       0 |   0.0 |      30 |       0 |   0.0
        D:4 |     219 |       0 |   0.0 |      18 |       0 |   0.0
        D:5 |      15 |       0 |   0.0 |       2 |       0 |   0.0
            +---------+---------+-------+---------+---------+-------
